 Dungeon Crawl Stone Soup version 0.21.1-1-g345015fe64 (webtiles) character file.

15361 Ivernyr the Thaumaturge (level 12, -1/105 HPs)
             Began as a Red Draconian Wizard on Feb 11, 2018.
             Was a Believer of Ashenzari.
             Killed from afar by Urug (13 damage)
             ... with a wand of acid (2)
             ... on level 2 of the Lair of Beasts on Feb 13, 2018.
             The game lasted 01:27:17 (17520 turns).

Ivernyr the Thaumaturge (Red Draconian Wizard)     Turns: 17520, Time: 01:27:17

Health: -1/105     AC:  6    Str: 11    XL:     12   Next: 0%
Magic:  25/26      EV: 13    Int: 22    God:    Ashenzari [**....]
Gold:   590        SH:  4    Dex: 10    Spells: 22/31 levels left

rFire    + . .     SeeInvis .   d - +2 spear (freeze)
rCold    . . .     Gourm    .   u - +0 buckler
rNeg     + . .     Faith    .   (armour unavailable)
rPois    .         Spirit   .   (helmet restricted)
rElec    .         Reflect  .   (no cloak)
rCorr    .         Harm     .   s - +0 pair of gloves
MR       .....                  v - +0 pair of boots (curse)
Stlth    ++........             m - amulet of magic regeneration (curse)
HPRegen  0.27/turn              g - +4 ring of slaying (curse)
MPRegen  0.45/turn              j - ring of positive energy (curse)

@: corroded, very slightly contaminated
A: breathe fire, unfitting armour, fire resistance 1, cold-blooded, AC +8
a: Breathe Fire, Curse Item, Scrying, Renounce Religion


You were on level 2 of the Lair of Beasts.
You worshipped Ashenzari.
Ashenzari was pleased with you.
You were not hungry.

You visited 2 branches of the dungeon, and saw 12 of its levels.

You collected 590 gold pieces.

Inventory:

Hand Weapons
 d - a +2 spear of freezing (weapon)
 L - the +8 broad axe "Xodak" {venom, *Corrode rC+++ MR++}
   (You found it on level 9 of the Dungeon)

   It poisons the flesh of those it strikes.
   It renders you almost immune to cold.
   It affects your resistance to hostile enchantments.
   It may corrode you when you take damage.
Armour
 s - a +0 pair of gloves (worn)
 u - a +0 buckler (worn)
 v - a cursed +0 pair of boots (worn)
Magical Staves
 t - an uncursed staff of energy
Jewellery
 g - a cursed +4 ring of slaying (left hand)
 j - a cursed ring of positive energy (right hand)
 m - a cursed amulet of magic regeneration (around neck)
 q - an uncursed ring of flight
Wands
 w - a wand of iceblast (17)
 C - a wand of random effects (31)
 D - a wand of flame (13)
 G - a wand of acid (30)
 H - a wand of disintegration (19)
 J - a wand of paralysis (14)
Scrolls
 e - a scroll of blinking {unknown}
 f - 13 scrolls of identify {unknown}
 h - 2 scrolls of amnesia {unknown}
 k - 2 scrolls of magic mapping {unknown}
 n - 3 scrolls of enchant armour {unknown}
 r - 6 scrolls of remove curse
 y - 4 scrolls of teleportation {unknown}
 E - 2 scrolls of fog {unknown}
 K - 2 scrolls of enchant weapon {unknown}
 O - a scroll of fear {unknown}
 P - a scroll of noise {unknown}
Potions
 a - 3 potions of resistance {unknown}
 b - a potion of flight {unknown}
 i - a potion of berserk rage {unknown}
 l - 3 potions of lignification {unknown}
 o - 4 potions of curing
 p - 3 potions of haste {unknown}
 x - 2 potions of magic {unknown}
 z - 2 potions of might {unknown}
 A - a potion of degeneration {unknown}
 B - 3 potions of heal wounds {unknown}
 F - a potion of brilliance {unknown}
Books
 I - a book of Misfortune

   Spells                             Type                      Level
   a - Confusing Touch                Hexes                        1
   b - Confuse                        Hexes                        3
   c - Gell's Gravitas                Translocation                3
   d - Petrify                        Transmutation/Earth          4
   e - Metabolic Englaciation         Hexes/Ice                    5
   f - Yara's Violent Unravelling     Hexes/Transmutation          5
 M - a book of Beasts

   Spells                             Type                      Level
   a - Summon Butterflies             Summoning                    1
   b - Call Canine Familiar           Summoning                    3
   c - Summon Ice Beast               Ice/Summoning                4
   d - Summon Mana Viper              Hexes/Summoning              5
   e - Summon Hydra                   Summoning                    7
 N - a book of Battle

   Spells                             Type                      Level
   a - Infusion                       Charms                       1
   b - Shroud of Golubria             Charms/Translocation         2
   c - Song of Slaying                Charms                       2
   d - Spectral Weapon                Hexes/Charms                 3
   e - Regeneration                   Charms/Necromancy            3
Comestibles
 c - 29 rations
 Q - 3 chunks of flesh


   Skills:
 + Level 9.6 Fighting
 + Level 4.4 Dodging
 - Level 1.7 Stealth
 - Level 4.0 Shields
 - Level 10.1 Spellcasting
 - Level 10.1(12.2) Conjurations
   Level 1.0(2.3) Summonings
 - Level 1.0(2.3) Translocations
 * Level 9.3(11.5) Fire Magic


You had 22 spell levels left.
You knew the following spells:

 Your Spells              Type           Power        Failure   Level  Hunger
a - Magic Dart            Conj           ####         1%          1    None
b - Blink                 Tloc           N/A          3%          2    None
c - Conjure Flame         Conj/Fire      ######..     1%          3    None
d - Mephitic Cloud        Conj/Pois/Air  ####....     3%          3    None


Dungeon Overview and Level Annotations

Branches:
Dungeon (9/15)             Temple (0/1) D:7            Lair (3/6) D:9
 Shoals (0/4) Lair:2
  Snake: Lair:2-4    Spider: Lair:2-4       Orc: D:9-12

Altars:
Ashenzari
Cheibriados
Dithmenos
Elyvilon
Fedhas
Gozag
Hepliaklqana
Kikubaaqudgha
Makhleb
Nemelex Xobeh
Okawaru
Qazlal
Ru
Sif Muna
Trog
Vehumet
Xom

Shops:
D:9 [

Annotations:
Lair:2 Urug


Innate Abilities, Weirdness & Mutations

You can breathe blasts of fire.
Your fiery red scales are hard. (AC +8)
You cannot fit into any form of body armour.
Your flesh is heat resistant. (rF+)
You are cold-blooded and may be slowed by cold attacks.


Message History

Urug is lightly wounded.
Urug is engulfed in blazing flames.
Urug barely misses you.
You hit Urug but do no damage.
Urug is lightly wounded.
Urug is engulfed in blazing flames.
Urug barely misses you.
You hit Urug. You freeze Urug.
Urug is moderately wounded.
Urug squints, then shrugs and mutters, "Close enough."
Urug hits you with an enchanted broad axe!
* * * LOW HITPOINT WARNING * * *
You hit Urug but do no damage.
Urug is moderately wounded.
Urug is engulfed in blazing flames.
Urug hits you with an enchanted broad axe!!
* * * LOW HITPOINT WARNING * * *
You hit Urug but do no damage. You tail-slap Urug, but do no damage.
Urug is moderately wounded.
Urug is engulfed in blazing flames.
Urug zaps a wand.
The bolt of acid hits you!
You die...

##............###..<....###..###
#............####..........###
#............# #.............#
##...........# #.............###
#...........# #...............#
##.........P###................
#......######.................
####P#.# #.#o...............
##### ##@###..........#.# ###
#.#.###PP##### #.### #### ###


You could see Urug.

Vanquished Creatures
  Erolcha (D:9)
  A two-headed ogre (D:9)
  2 hydras
  Pikel (D:8)
  A manticore (Lair:2)
  A black mamba (Lair:1)
  The ghost of luab the Charmwright, a novice GnSk (D:4)
  4 komodo dragons
  A spiny frog (Lair:1)
  7 hippogriffs
  2 dream sheep (D:8)
  A basilisk (Lair:1)
  18 yaks
  Duvessa (D:6)
  6 porcupines
  7 water moccasins
  An ice beast (D:9)
  A phantom (D:6)
  2 orc warriors
  A sky beast (D:9)
  2 black bears (D:6)
  3 ogres
  3 crocodiles
  3 centaurs
  5 big kobolds
  5 bullfrogs
  A gnoll sergeant (D:6)
  A wyvern zombie (D:8)
  A wyvern skeleton (D:8)
  A water moccasin zombie (D:5)
  2 scorpions (D:9)
  Dowan (D:6)
  5 crimson imps
  2 bullfrog zombies
  5 jellies
  6 hounds
  A quasit (D:8)
  3 gnoll shamans
  3 bullfrog skeletons
  An iron imp (D:8)
  14 orc wizards
  Ijyb (D:4)
  An iguana (D:4)
  5 worker ants
  A bullfrog simulacrum (D:9)
  A howler monkey zombie (D:8)
  17 gnolls
  A howler monkey skeleton (D:7)
  14 adders
  A white imp (D:9)
  An ooze (D:3)
  An adder zombie (D:7)
  An adder skeleton (D:2)
  3 worms
  11 leopard geckos
  42 orcs
  7 giant cockroaches
  10 goblins
  5 hobgoblins
  16 jackals
  13 kobolds
  3 quokkas
  4 ball pythons
  7 bats
  5 frilled lizards
  A jackal zombie (D:5)
  3 leopard gecko skeletons (D:4)
  A quokka skeleton (D:4)
  10 rats
314 creatures vanquished.

Vanquished Creatures (others)
  An orc wizard (D:3)
  A rat (D:3)
2 creatures vanquished.

Grand Total: 316 creatures vanquished

Notes
Turn   | Place    | Note
-------+----------+-------------------------------------------
     0 | D:1      | Ivernyr the Draconian Wizard began the quest for the Orb.
     0 | D:1      | Reached XP level 1. HP: 14/14 MP: 4/4
    47 | D:1      | Reached XP level 2. HP: 9/20 MP: 0/6
  1070 | D:2      | Reached XP level 3. HP: 27/27 MP: 6/8
  1101 | D:2      | Found a shattered altar of Ashenzari.
  1103 | D:2      | Found a shimmering altar of Xom.
  1126 | D:2      | Became a worshipper of Ashenzari the Shackled
  1207 | D:2      | Learned a level 2 spell: Blink
  1211 | D:2      | Learned a level 3 spell: Conjure Flame
  1215 | D:2      | Learned a level 3 spell: Mephitic Cloud
  1268 | D:2      | Reached skill level 1 in Fighting
  1945 | D:2      | Reached XP level 4. HP: 33/35 MP: 9/9
  2280 | D:3      | Found a radiant altar of Vehumet.
  2466 | D:3      | Found a faded altar of an unknown god.
  2557 | D:3      | Found a deep blue altar of Sif Muna.
  2832 | D:3      | Reached XP level 5. HP: 27/41 MP: 3/11
  3414 | D:3      | Found a burning altar of Makhleb.
  3685 | D:4      | Found a sparkling altar of Nemelex Xobeh.
  3775 | D:4      | Reached skill level 5 in Spellcasting
  3775 | D:4      | Reached XP level 6. HP: 50/50 MP: 7/13
  4056 | D:4      | Found a shadowy altar of Dithmenos.
  4163 | D:4      | Noticed luab's ghost (novice GnSk)
  4755 | D:4      | Noticed Ijyb
  4959 | D:4      | Killed Ijyb
  6264 | D:4      | Killed luab's ghost
  6264 | D:4      | Your scales start taking on a fiery red colour.
  6264 | D:4      | Reached XP level 7. HP: 54/57 MP: 14/16
  6264 | D:4      | Gained mutation: Your flesh is heat resistant. (rF+) [Red Draconian growth]
  6457 | D:4      | Found a shadowy altar of Dithmenos.
  6610 | D:5      | Entered Level 5 of the Dungeon
  6740 | D:5      | Found a blossoming altar of Fedhas.
  6740 | D:5      | Found a stormy altar of Qazlal.
  6984 | D:5      | Reached * piety under Ashenzari
  7145 | D:5      | Reached XP level 8. HP: 63/63 MP: 18/18
  7828 | D:6      | Reached skill level 5 in Conjurations
  7987 | D:6      | Found a bloodstained altar of Trog.
  8709 | D:6      | Reached XP level 9. HP: 52/71 MP: 21/21
  8820 | D:6      | Noticed Dowan
  8828 | D:6      | Killed Dowan
  8877 | D:6      | Noticed Duvessa
  8951 | D:6      | Killed Duvessa
  9378 | D:7      | Found a sparkling altar of Nemelex Xobeh.
  9378 | D:7      | Found a hazy altar of Hepliaklqana.
  9378 | D:7      | Found an opulent altar of Gozag.
  9378 | D:7      | Found a bloodstained altar of Trog.
  9378 | D:7      | Found a shattered altar of Ashenzari.
  9378 | D:7      | Found an iron altar of Okawaru.
  9389 | D:7      | Found a burning altar of Makhleb.
  9389 | D:7      | Found an iron altar of Okawaru.
  9389 | D:7      | Found an ancient bone altar of Kikubaaqudgha.
  9389 | D:7      | Found a hazy altar of Hepliaklqana.
  9389 | D:7      | Found a bloodstained altar of Trog.
  9389 | D:7      | Found a sacrificial altar of Ru.
  9399 | D:7      | Found a staircase to the Ecumenical Temple.
 10110 | D:8      | Reached skill level 5 in Fighting
 10902 | D:8      | Reached XP level 10. HP: 83/83 MP: 23/23
 10938 | D:8      | Noticed a three-headed hydra
 10942 | D:8      | Killed a three-headed hydra
 10942 | D:8      | Reached skill level 10 in Spellcasting
 11121 | D:8      | Reached skill level 1 in Fire Magic
 11213 | D:8      | Noticed Pikel
 11230 | D:8      | Killed Pikel
 11271 | D:8      | Found a white marble altar of Elyvilon.
 11318 | D:8      | Found a snail-covered altar of Cheibriados.
 11436 | D:9      | Found a staircase to the Lair.
 11537 | D:9      | Noticed Erolcha
 11777 | D:9      | Reached ** piety under Ashenzari
 12092 | D:9      | Noticed a two-headed ogre
 12113 | D:9      | Killed a two-headed ogre
 12468 | D:9      | Found Ystrang's Antique Armour Emporium.
 12714 | D:9      | Reached XP level 11. HP: 71/94 MP: 25/25
 12781 | D:9      | Killed Erolcha
 12781 | D:9      | Reached skill level 5 in Fire Magic
 13266 | D:9      | Got the broad axe "Xodak" {venom, *Corrode rC+++ MR++}
 13267 | D:9      | Identified the +8 broad axe "Xodak" {venom, *Corrode rC+++ MR++} (You found it on level 9 of the Dungeon)
 13301 | Lair:1   | Entered Level 1 of the Lair of Beasts
 13535 | Lair:1   | Reached skill level 10 in Conjurations
 15474 | Lair:2   | Found a staircase to the Shoals.
 15734 | Lair:2   | Noticed an eight-headed hydra
 15740 | Lair:2   | Killed an eight-headed hydra
 16706 | Lair:3   | Noticed Urug
 17358 | Lair:2   | Reached XP level 12. HP: 91/105 MP: 26/26
 17520 | Lair:2   | Killed from afar by Urug

Skill      XL: |  1  2  3  4  5  6  7  8  9 10 11 |
---------------+----------------------------------+-----
Dodging        | 2 4 |  4.4
Fighting       | 1 2 3 6 7 9 |  9.6
Conjurations   | 2 3 4 5 7 9 10 | 10.1
Spellcasting   | 4 5 6 8 9 10 | 10.1
Shields        | 2 4 |  4.0
Fire Magic     | 4 9 |  9.3
Stealth        | |  1.7
Summonings     | |  1.0
Translocations | |  1.0

Action                   |  1- 3 |  4- 6 |  7- 9 | 10-12 || total
-------------------------+-------+-------+-------+-------++-------
Melee: Spear             |    35 |    75 |       |   204 ||   314
       Tailslap          |     2 |    16 |    28 |    30 ||    76
       Trident           |       |   172 |   351 |   153 ||   676
 Cast: Magic Dart        |    71 |   125 |   224 |   145 ||   565
       Blink             |       |    41 |     7 |     8 ||    56
       Conjure Flame     |       |    23 |    14 |    34 ||    71
       Mephitic Cloud    |       |       |     1 |     2 ||     3
Invok: Curse Item        |       |     1 |     1 |     1 ||     3
 Abil: Breathe Fire      |       |       |     6 |     1 ||     7
  Use: Potion            |       |       |       |     1 ||     1
 Stab: Sleeping          |     1 |       |     2 |       ||     3
       Confused          |       |       |       |     1 ||     1
  Eat: Chunk             |     3 |     8 |    17 |    22 ||    50
       Ration            |       |     2 |       |       ||     2
Armor: Skin              |    16 |    95 |   167 |    90 ||   368
Dodge: Dodged            |    29 |   132 |   237 |   163 ||   561
Block: Buckler           |       |       |    49 |    39 ||    88
